AoeStats
← Terárko

Glade

510385829Analyzed
1v1 RM · 19h ago on Sep 30, 2026· 51m 45s· 2 players
Game mode
Random Map
Map size
Tiny (2 player)
Population
200
Speed
Normal
Resources
Standard
Victory
Conquest
Starting age
Dark Age
Ending age
Imperial Age
RankedLock teamsTeams togetherTeam positionsShared explorationLock speedFull tech treeHidden civsTurbo modeCheats
Victory
Defeat
🇸🇰 Bohemians · Slovakia
886
+17
🇪🇸 Varangians · Spain
901
-17
Terárko
6:45 Loom
8:35 Loom
11:15 Feudal Age
13:14 Double-Bit Axe
16:33 Wheelbarrow
16:10 Fletching
22:06 Castle Age
20:14 Horse Collar
20:36 Man-at-Arms
22:02 Fletching
22:12 Padded Archer Armor
22:24 Forging
23:17 Bow Saw
22:35 Crossbowman
26:54 Chemistry
26:36 Ballistics
27:44 Pikeman
30:10 Hand Cart
29:29 Elite Skirmisher
36:29 Imperial Age
34:14 Bodkin Arrow
35:25 Elite Skirmisher
36:17 Scale Barding Armor
36:12 Scale Mail Armor
38:05 Town Watch
39:51 Two-Man Saw
39:12 Cavalier
39:54 Husbandry
40:59 Iron Casting
40:39 Chain Mail Armor
40:26 Bracer
40:41 Leather Archer Armor
40:47 Chain Barding Armor
41:01 Heavy Plow
41:13 Town Patrol
41:41 Arbalester
43:25 Squires
43:59 Halberdier
46:24 Conscription
46:12 Hussite Reforms
48:27 Blast Furnace
47:57 Plate Mail Armor
47:59 Ring Archer Armor
48:07 Fervor
48:13 Block Printing
48:24 Heresy
48:42 Theocracy
48:36 Illumination
48:15 Devotion
49:04 Houfnice
Aurikan
7:24 Loom
9:43 Feudal Age
10:25 Double-Bit Axe
14:17 Scale Barding Armor
14:52 Bloodlines
15:34 Forging
22:47 Castle Age
20:45 Horse Collar
24:00 Fletching
25:27 Wheelbarrow
25:08 Bow Saw
25:13 Heavy Plow
26:10 Chain Barding Armor
26:29 Iron Casting
26:10 Husbandry
27:49 Gold Mining
31:06 Fervor
33:10 Hand Cart
34:45 Town Watch
38:36 Bodkin Arrow
38:42 Padded Archer Armor
39:56 Elite Skirmisher
46:51 Imperial Age
44:47 Ballistics
44:39 Masonry
44:25 Murder Holes
47:42 Cavalier
51:12 Plate Barding Armor
51:38 Blast Furnace
Connection lost

Rejoining the realm…

Still unreachable

The connection could not be restored.

Session expired

The server has moved on; the page needs a fresh start.